 Dungeon Crawl Stone Soup version 0.30.0-29-ga12c61a403 (webtiles) character file.

Game seed: 7212363652466206729

46 qw the Chopper (level 3, -1/23 HPs)
             Began as a Gargoyle Fighter on June 5, 2023.
             Slain by a gnoll
             ... wielding a +0 club
              (2 damage)
             ... on level 2 of the Dungeon.
             The game lasted 00:00:29 (1310 turns).

qw the Chopper (Gargoyle Fighter)                   Turns: 1310, Time: 00:00:30

Health: -1/23      AC: 10    Str: 20 (21) XL:     3   Next: 66%
Magic:  3/3        EV:  5    Int:  7 (8)  God:
Gold:   93         SH:  0    Dex:  9      Spells: 2/2 levels left

rFire   . . .        Y - +0 war axe
rCold   . . .        c - +0 buckler
rNeg    + . .        b - +0 scale mail
rPois   inf          (no helmet)
rElec   +            (no cloak)
rCorr   .            (no gloves)
SInv    .            (no boots)
Will    .....        (no amulet) Stlth
                     (no ring)
HPRegen 0.23/turn    (no ring)
MPRegen 0.08/turn

%: no passive effects
@: held
A: sickness immunity, AC +3, negative energy resistance 1, electricity
resistance, torment resistance 1, petrification resistance
a: no special abilities


You were on level 2 of the Dungeon.
You visited 1 branch of the dungeon, and saw 2 of its levels.

You collected 93 gold pieces.


Innate Abilities, Weirdness & Mutations

You are immune to sickness and miasma.
Your stone body is resilient. (AC +3)
You are immune to poison.
You resist negative energy. (rN+)
You are resistant to electric shocks. (rElec)
You are resistant to unholy torment.
You are immune to petrification.


   Skills:
 - Level 3.2 Fighting
 + Level 3.5 Axes
 - Level 3.2 Armour
 - Level 3.2 Shields


You had 2 spell levels left.
You didn't know any spells.
Your spell library was empty.

Inventory:

Hand Weapons
 p - a +0 mace
 Y - a +0 war axe (weapon)
Armour
 b - a +0 scale mail (worn)
 c - a +0 buckler (worn)
Jewellery
 g - a ring of fire
 j - a ring of ice
Scrolls
 k - a scroll of identify
Potions
 d - 2 potions of might
 f - a potion of cancellation {unknown}
 i - a potion of curing {unknown}

Dungeon Overview and Level Annotations

Branches:
Dungeon (2/15)

Altars:


Message History

You feel your dexterity returning.
The gnoll shouts!
The gnoll closely misses you.
Things that are here:
a +0 flail; a gnoll corpse
Enter note:
Enter note:
Enter note:
Enter note: You hit the gnoll but do no damage.
The gnoll hits you with a +0 whip. The gnoll closely misses you.
You hit the gnoll.
The gnoll is moderately wounded.
The gnoll hits you with a +0 whip.
You barely miss the gnoll.
The gnoll is moderately wounded.
The gnoll closely misses you. The gnoll hits you with a +0 whip.
You hit the gnoll.
The gnoll is severely wounded.
The gnoll closely misses you.
You slash the gnoll!
You kill the gnoll!
The gnoll throws a throwing net.
The throwing net hits you.
You become entangled in the net!
The gnoll hits you with a +0 club. The gnoll hits you but does no damage.
The gnoll hits you but does no damage. The gnoll hits you but does no damage.
The gnoll hits you but does no damage. The gnoll hits you with a +0 club!
The gnoll hits you with a +0 club. The gnoll hits you with a +0 club.
The gnoll hits you with a +0 club.
Enter note:
Enter note: You tear a large gash into the net.
The gnoll barely misses you. The gnoll hits you but does no damage.
The gnoll hits you with a +0 club.
You die...

.#.#
####)####
...#
#~~~.~~~####
##.#
#~77.77~##..
#..
#~7.7.7~##.#
###
..7.7..+..#
#~7.7.7~##.#
#~77.77~##.#
#~~~.~~~##g#
####'#####@#
#.#####.#
#.......#
#######.#
#.# #.. #.##
###


You could see a gnoll.

Vanquished Creatures
  2 gnolls (D:2)
  2 dart slugs
  2 bats (D:1)
  An endoplasm (D:1)
  A giant cockroach (D:2)
  A goblin (D:2)
  A hobgoblin (D:1)
  3 jackals (D:1)
  A quokka (D:1)
  2 ball pythons (D:2)
  4 kobolds
  3 rats
  A spectral kobold (D:1)
24 creatures vanquished.

Notes
Turn   | Place    | Note
-------+----------+-------------------------------------------
     0 | D:1      | qw the Gargoyle Fighter began the quest for the Orb.
     0 | D:1      | Reached XP level 1. HP: 14/14 MP: 1/1
     0 | D:1      | 0 ||| qw: Version: 0.2-a-108-gee2c290
     0 | D:1      | 0 ||| qw: Game counter: 1393
     0 | D:1      | 0 ||| qw: Always use a shield: true
     0 | D:1      | 0 ||| qw: God list: Okawaru
     0 | D:1      | 0 ||| qw: Allow faded altars: false
     0 | D:1      | 0 ||| qw: Do Orc after D:15 true
     0 | D:1      | 0 ||| qw: Do second Lair branch before Depths: true
     0 | D:1      | 0 ||| qw: Lair rune preference: random
     0 | D:1      | 0 ||| qw: Plans: Normal, Zot:1-4, Slime:5, God:TSO, Crypt,
                  | Tomb, Abyss, Pan, Hells, Win
     0 | D:1      | 0 ||| PLANNING D:1-11
    76 | D:1      | Reached XP level 2. HP: 19/19 MP: 2/2
   497 | D:1      | Found a faded altar of an unknown god.
   709 | D:1      | 709 ||| Stepping ~*~*~tactically~*~*~ (hiding).
  1025 | D:1      | 1025 ||| DROPPING +0 club.
  1026 | D:1      | 1026 ||| READING scroll labelled UXUYMUKHECRO.
  1027 | D:1      | 1027 ||| READING 2 scrolls labelled BITOBU QYAHYO.
  1028 | D:1      | 1028 ||| READING scroll labelled XEL NANNOXATRA.
  1029 | D:1      | 1029 ||| READING 2 scrolls labelled WIAGARI ZOYT.
  1030 | D:1      | 1030 ||| DRINKING 2 fizzy brown potions.
  1031 | D:1      | 1031 ||| DRINKING 2 bubbling grey potions.
  1032 | D:1      | 1032 ||| DROPPING potion of flight.
  1033 | D:1      | 1033 ||| DROPPING potion of degeneration.
  1034 | D:1      | 1034 ||| DROPPING scroll of vulnerability.
  1078 | D:2      | 1078 ||| Stepping ~*~*~tactically~*~*~ (hiding).
  1080 | D:2      | 1080 ||| Stepping ~*~*~tactically~*~*~ (hiding).
  1088 | D:2      | Reached skill level 3 in Axes
  1152 | D:2      | 1152 ||| Stepping ~*~*~tactically~*~*~ (stealth).
  1184 | D:2      | 1184 ||| Stepping ~*~*~tactically~*~*~ (hiding).
  1193 | D:2      | Reached XP level 3. HP: 23/23 MP: 3/3
  1305 | D:2      | HP: 3/23 [gnoll/+0 club (6)]
  1307 | D:2      | HP: 1/23 [gnoll/+0 club (1)]
  1310 | D:2      | Slain by a gnoll

Levels and vault maps discovered:
D:1:      dpeg_arrival_refuge, layout_basic,
          dreamdust_ecumenical_altar_drowned_temple, minmay_pentomino_o4
D:2:      layout_basic, serial_shops, nicolae_shop_rolled_up, shop,
          nicolae_diamond_shop, nicolae_shop_crystal, kennysheep_generic_room_9

Skill      XL: |  1  2 |
---------------+-------+-----
Axes           | 2 3 |  3.5
Fighting       | |  3.2
Armour         | |  3.2
Shields        | |  3.2

Action                     || total
---------------------------++-------
  Melee: War axe           ||    63
    Use: Scroll            ||     4
         Potion            ||     2
 Armour: Scale mail        ||    36
  Dodge: Dodged            ||    38
  Block: Buckler           ||    10

Table legend:
 A = Non-vault XP
 B = Vault XP
 C = Vault XP percentage of total XP
 D = Non-vault monster count
 E = Vault monster count
 F = Vault count percentage of total count
                 A         B        C        D         E       F
            +---------+---------+-------+---------+---------+-------
      Total |      56 |      10 |  15.2 |      18 |       6 |  25.0
            +---------+---------+-------+---------+---------+-------
        D:1 |      17 |       8 |  32.0 |      10 |       5 |  33.3
        D:2 |      39 |       2 |   4.9 |       8 |       1 |  11.1
            +---------+---------+-------+---------+---------+-------
